 Dungeon Crawl Stone Soup version 0.26.0-3-g156281e41b (webtiles) character file.

Game seed: 16700927641838715872

539 EnegeticOcto the Shield-Bearer (level 7, 28/64 HPs)
             Began as a Deep Dwarf Fighter on Jan 9, 2021.
             Quit the game on level 5 of the Dungeon.
             The game lasted 00:01:28 (1428 turns).

EnegeticOcto the Shield-Bearer (Deep Dwarf Fighter) Turns: 1428, Time: 00:01:29

Health: 28/64      AC: 15    Str: 22    XL:     7   Next: 5%
Magic:  6/6        EV:  6    Int:  8    God:
Gold:   179        SH: 10    Dex: 12    Spells: 6/6 levels left

rFire    . . .     SeeInvis .   a - +0 war axe
rCold    . . .     Faith    .   c - +0 kite shield
rNeg     . . .     Spirit   .   e - +0 chain mail
rPois    +         Reflect  .   f - +0 helmet
rElec    .         Harm     .   (no cloak)
rCorr    .         Rampage  .   j - +1 pair of gloves
Will     +....                  l - +1 pair of boots
Stlth    ..........             (no amulet)
HPRegen  0.00/turn              g - ring of poison resistance
MPRegen  0.10/turn              (no ring)

@: non-regenerating
A: damage resistance, heal wounds, sense surroundings 1, no regeneration
a: Heal Wounds


You were on level 5 of the Dungeon.
You visited 1 branch of the dungeon, and saw 5 of its levels.

You collected 179 gold pieces.

Inventory:

Hand Weapons
 a - a +0 war axe (weapon)
Armour
 c - a +0 kite shield (worn)
 e - a +0 chain mail (worn)
 f - a +0 helmet (worn)
 j - a +1 pair of gloves (worn)
 l - a +1 pair of boots (worn)
Jewellery
 g - a ring of poison resistance (left hand)
Scrolls
 b - a scroll of random uselessness {unknown}
 h - a scroll of magic mapping {unknown}
 i - a scroll of enchant weapon {unknown}
 m - a scroll of amnesia {unknown}
 o - 2 scrolls of blinking {@r4}
 p - a scroll of identify {@r1}
Potions
 d - a potion of might {@q3}
 k - a potion of cancellation
 n - a potion of brilliance {unknown}
 q - a potion of mutation {unknown}


   Skills:
 + Level 4.0 Fighting
 + Level 4.2(4.8) Axes
 + Level 3.0(4.0) Maces & Flails
 + Level 4.9 Armour
 + Level 4.9 Shields


You had 6 spell levels left.
You didn't know any spells.
Your spell library was empty.

Dungeon Overview and Level Annotations

Branches:
Dungeon (5/15)
 Temple: D:4-7

Altars:
Dithmenos
Fedhas
Hepliaklqana
Zin


Innate Abilities, Weirdness & Mutations

You are resistant to damage.
You can heal yourself by infusing magical energy.
You passively map a small area around you.
You do not regenerate.


Message History

No target in view!
No target in view!
No target in view!
No target in view!
q - a fuming purple potion
Found a stone staircase leading down.
A worker ant comes into view.
A worker ant is nearby!
A worker ant is nearby!
Found a stone staircase leading down.
An ogre comes into view. It is wielding a +0 giant club.
You slash the worker ant!
The worker ant is almost dead.
The worker ant bites you but does no damage.
Your shield and chain mail prevent you from hitting the worker ant.
The worker ant is almost dead.
The worker ant bites you but does no damage.
You block the worker ant's attack.
You barely miss the worker ant.
The worker ant is almost dead.
The worker ant bites you.
The worker ant bites you but does no damage.
You hit the worker ant but do no damage.
The worker ant is almost dead.
You completely miss the ogre.
The ogre hits you with a +0 giant club!!
You block the worker ant's attack.
You slash the worker ant!
You kill the worker ant!
Your chain mail prevents you from hitting the ogre.
The ogre hits you but does no damage. The ogre barely misses you.
You barely miss the ogre. The ogre completely misses you.
You closely miss the ogre. You slash the ogre!
The ogre is heavily wounded.
The ogre hits you but does no damage.
You slash the ogre!
The ogre is severely wounded.
You block the ogre's attack. The ogre hits you with a +0 giant club!
Your shield and chain mail prevent you from hitting the ogre.
The ogre is severely wounded.
The ogre completely misses you.
An ogre is nearby!
An ogre is nearby!
An ogre is nearby!
You hit the ogre.
The ogre is severely wounded.
The ogre hits you but does no damage.
You hit the ogre but do no damage.
The ogre is severely wounded.
You block the ogre's attack.
You barely miss the ogre.
The ogre is severely wounded.
The ogre hits you with a +0 giant club!!
* * * LOW HITPOINT WARNING * * *
You are too injured to fight recklessly!
You are too injured to fight recklessly!
You are too injured to fight recklessly!
You are too injured to fight recklessly!
You are too injured to fight recklessly!
You are too injured to fight recklessly!
You are too injured to fight recklessly!
You are too injured to fight recklessly!
You fail to use your ability.
You block the ogre's attack.
You are too injured to fight recklessly!
You are too injured to fight recklessly!
You are too injured to fight recklessly!
You are too injured to fight recklessly!
You are too injured to fight recklessly!
You feel much better.
You slash the ogre!
You kill the ogre!
Your Fighting skill increases to level 4!
Your base Maces & Flails skill increases to level 3!
You have reached level 7!
There is a stone staircase leading down here.
You see here a worker ant corpse.
You see here a +0 giant club.
An ogre comes into view. It is wielding a +0 giant spiked club.
The ogre shouts!
An ogre is nearby!
An ogre is nearby!
An ogre is nearby!
An ogre is nearby!
An ogre is nearby!
An ogre is nearby!
You slash the ogre!
The ogre is moderately wounded.
The ogre hits you with a +0 giant spiked club!
You hit the ogre but do no damage.
The ogre is moderately wounded.
The ogre hits you but does no damage.
Your chain mail prevents you from hitting the ogre.
The ogre is moderately wounded.
You block the ogre's attack.
You barely miss the ogre.
The ogre is moderately wounded.
You block the ogre's attack.
Unknown command.
Are you sure you want to abandon this character and quit the game? (Confirm with "yes".)

# #.#.##.# #.#
#####.#.##.# ##
######.##
.........#..,
...........#
#####..#.##.
#.#####....# #..#.#
.# #.* #....#
#..#)#*.# #. #.#.##
#(.#.#*, #.#####.#.#
#..#.#, #>O.......#
#..#.. *#.#.@####.#.#
#....#* #......#.#.#
* #....,
#.#####)#.#.# ,.....
#.......†....#
##...##........>...##
*# #######.##.# , ,
#.##.# , #.##.# *
..##.#


You could see an ogre.

Vanquished Creatures
  A centaur (D:5)
  An ogre (D:5)
  2 orc priests
  A hound (D:4)
  3 orc wizards
  2 bullfrog skeletons (D:5)
  A worker ant (D:5)
  4 adders
  A shadow imp (D:5)
  An ufetubus (D:5)
  An adder zombie (D:5)
  An adder skeleton (D:4)
  3 worms
  A dart slug (D:3)
  A leopard gecko (D:4)
  8 orcs
  4 giant cockroaches
  3 goblins (D:1)
  3 hobgoblins (D:1)
  5 jackals (D:4)
  6 kobolds
  A quokka (D:5)
  2 ball pythons (D:1)
  3 bats (D:2)
  4 frilled lizards
  2 rats (D:1)
65 creatures vanquished.

Notes
Turn   | Place    | Note
-------+----------+-------------------------------------------
     0 | D:1      | EnegeticOcto the Deep Dwarf Fighter began the quest for the
                  | Orb.
     0 | D:1      | Reached XP level 1. HP: 20/20 MP: 1/1
    82 | D:1      | Reached XP level 2. HP: 27/27 MP: 2/2
   453 | D:3      | Reached skill level 1 in Maces & Flails
   453 | D:3      | Reached XP level 3. HP: 34/34 MP: 3/3
   633 | D:4      | Reached XP level 4. HP: 32/42 MP: 4/4
   761 | D:4      | Found a blossoming altar of Fedhas.
   761 | D:4      | Found a hazy altar of Hepliaklqana.
   761 | D:4      | Found a glowing silver altar of Zin.
   833 | D:4      | Reached XP level 5. HP: 49/49 MP: 5/5
  1069 | D:5      | Entered Level 5 of the Dungeon
  1182 | D:5      | Reached XP level 6. HP: 40/57 MP: 6/6
  1265 | D:5      | Found a shadowy altar of Dithmenos.
  1418 | D:5      | Reached XP level 7. HP: 39/64 MP: 6/6
  1428 | D:5      | Quit the game

Illustrated notes

Levels and vault maps discovered:
D:1:      minmay_arrival_semitransparent, layout_basic,
          hangedman_decor_peaks_small
D:2:      layout_loops_ring, nemelex_xobeh_ov_fountains_minmay
D:3:      minmay_evil_eye, layout_basic, uniq_grinder, uniq_natasha
D:4:      layout_rooms, gammafunk_temple_overflow_claw, eino_tiny_chamber
D:5:      layout_loops_ring, marbit_many_paths, kennysheep_little_box,
          serial_shops, shop

Skill      XL: |  1  2  3  4  5  6 |
---------------+-------------------+-----
Fighting       | 3 4 |  4.0
Maces & Flails | 1 2 3 |  3.0
Axes           | 3 4 |  4.2
Armour         | 4 |  4.9
Shields        | 4 |  4.9

Action                   |  1- 3 |  4- 6 |  7- 9 || total
-------------------------+-------+-------+-------++-------
Melee: War axe           |    94 |   140 |     4 ||   238
 Abil: Heal Wounds       |       |     3 |       ||     3
  Use: Scroll            |     5 |       |       ||     5
Armor: Scale mail        |    47 |       |       ||    47
       Chain mail        |       |   127 |     1 ||   128
Dodge: Dodged            |    33 |    47 |       ||    80
Block: Kite shield       |    69 |    94 |     2 ||   165
